 Dungeon Crawl Stone Soup version 0.31-a0-232-gb1c03b2570 (webtiles) character file.

Game seed: 6676168390190603427

32 qw the Shooter (level 3, 0/21 HPs)
             Began as a Gargoyle Hexslinger on July 6, 2023.
             Frozen to death by an endoplasm (2 damage)
             ... on level 2 of the Dungeon.
             The game lasted 00:00:19 (1015 turns).

qw the Shooter (Gargoyle Hexslinger)                Turns: 1015, Time: 00:00:19

Health: 0/21       AC:  6    Str: 11    XL:     3   Next: 25%
Magic:  4/4        EV: 12    Int: 13    God:
Gold:   56         SH:  0    Dex: 14    Spells: 3/4 levels left

rFire   . . .        Y - +2 sling
rCold   . . .        (no shield)
rNeg    + . .        c - +0 robe
rPois   inf          (no helmet)
rElec   +            (no cloak)
rCorr   .            i - +0 pair of gloves
SInv    .            (no boots)
Will    .....        (no amulet)
Stlth   +            (no ring)
HPRegen 0.23/turn    (no ring)
MPRegen 0.09/turn

%: no passive effects
@: no status effects
A: sickness immunity, AC +3, negative energy resistance 1, electricity
resistance, torment resistance 1, petrification resistance
a: no special abilities


You were on level 2 of the Dungeon.
You visited 1 branch of the dungeon, and saw 2 of its levels.

You collected 56 gold pieces.


Innate Abilities, Weirdness & Mutations

You are immune to sickness and miasma.
Your stone body is resilient. (AC +3)
You are immune to poison.
You resist negative energy. (rN+)
You are resistant to electric shocks. (rElec)
You are resistant to unholy torment.
You are immune to petrification.


   Skills:
 - Level 2.0 Fighting
 + Level 3.2 Ranged Weapons
 - Level 1.5 Dodging
 - Level 1.0 Spellcasting
 - Level 2.6 Hexes


You had 3 spell levels left.
You knew the following spells:

 Your Spells              Type           Power      Damage    Failure   Level
a - Slow                  Hex            28%        N/A       10%         1

Your spell library contained the following spells:

 Spells                   Type           Power      Damage    Failure   Level
 Inner Flame              Hex/Fire       4%         N/A       43%         3
 Portal Projectile        Hex/Tloc       8%         N/A       43%         3
 Cause Fear               Hex            3%         N/A       67%         4

Inventory:

Hand Weapons
 Y - a +2 sling (weapon)
Armour
 c - a +0 robe (worn)
 i - a +0 pair of gloves (worn)
Jewellery
 a - a ring of see invisible
 d - a +6 ring of intelligence
Scrolls
 b - a scroll of silence {unknown}
 g - 2 scrolls of teleportation {unknown}
Potions
 e - a potion of lignification {unknown}
 f - a potion of resistance {unknown}
 h - a potion of degeneration {unknown}
 j - 2 potions of heal wounds {unknown}
 k - a potion of brilliance {unknown}

Dungeon Overview and Level Annotations

Branches:
Dungeon (2/15)

Altars:


Message History

You kill the jackal!
The jackal closely misses you.
The jackal bites you but does no damage. x3
The jackal closely misses you. The quokka barely misses you.
The jackal barely misses you.
You shoot a sling bullet.
The sling bullet closely misses the quokka.
The sling bullet closely misses the kobold.
The jackal closely misses you. The jackal barely misses you. x2
The quokka bites you but does no damage.
You shoot a sling bullet. The sling bullet hits the quokka.
You kill the quokka!
The jackal bites you but does no damage. x2
The jackal barely misses you.
The jackal bites you but does no damage.
The jackal barely misses you. x2
You shoot a sling bullet.
The sling bullet barely misses the ball python.
The jackal misses you. x3; The ball python closely misses you.
The ball python grabs you. The ball python constricts you.
The endoplasm hits you but does no damage.
The jackal bites you but does no damage. x2
The jackal closely misses you. The ball python bites you.
The ball python constricts you.
You shoot a sling bullet. The sling bullet hits the ball python.
You kill the ball python!
The jackal bites you. The jackal misses you. The jackal barely misses you.
The endoplasm hits you.
The kobold hits you with a +0 short sword.
The jackal barely misses you. x2; The jackal bites you.
You shoot a sling bullet.
The sling bullet barely misses the kobold.
The endoplasm hits you. The kobold closely misses you.
The kobold hits you with a +0 short sword.
The jackal closely misses you. The jackal bites you. The jackal misses you.
The kobold hits you with a +0 short sword.
The kobold misses you. The endoplasm freezes you.
You are frozen.
You die...

#### ....!.
....#####......
...............
.............."
...............
.............
......hhK.#
......J@K.#
......h..##
##########


You could see an endoplasm, 3 jackals and 2 kobolds.

Vanquished Creatures
  A worm (D:2)
  3 dart slugs
  3 bats
  2 endoplasms
  A giant cockroach (D:2)
  2 hobgoblins
  A jackal (D:2)
  2 kobolds (D:2)
  A quokka (D:2)
  3 ball pythons
  2 frilled lizards (D:1)
  2 rats
23 creatures vanquished.

Notes
Turn   | Place    | Note
-------+----------+-------------------------------------------
     0 | D:1      | qw the Gargoyle Hexslinger began the quest for the Orb.
     0 | D:1      | Reached XP level 1. HP: 12/12 MP: 2/2
     0 | D:1      | 0 ||| qw: Version: 0.3-a-46-gb1f654a
     0 | D:1      | 0 ||| qw: Game counter: 1992
     0 | D:1      | 0 ||| qw: Melee chars always use a shield: true
     0 | D:1      | 0 ||| qw: God list: Okawaru
     0 | D:1      | 0 ||| qw: Allow faded altars: false
     0 | D:1      | 0 ||| qw: Do Orc after clearing Dungeon:15 true
     0 | D:1      | 0 ||| qw: Do second Lair branch before Depths: true
     0 | D:1      | 0 ||| qw: Lair rune preference: random
     0 | D:1      | 0 ||| qw: Goals: Normal
     0 | D:1      | 0 ||| PLANNING D:1-11
     4 | D:1      | Noticed an elephant
    94 | D:1      | Noticed an anaconda
   196 | D:1      | Reached XP level 2. HP: 14/16 MP: 3/3
   666 | D:1      | 666 ||| UPGRADING to +0 pair of gloves.
   671 | D:1      | 671 ||| READING scroll labelled CIXIFO ZOUCZUOR.
   682 | D:1      | 682 ||| READING scroll labelled VAIDIAZISAN.
   683 | D:1      | 683 ||| DROPPING scroll of poison.
   730 | D:2      | Reached skill level 3 in Ranged Weapons
   904 | D:2      | 904 ||| Stepping ~*~*~tactically~*~*~ (outnumbered).
   905 | D:2      | 905 ||| Stepping ~*~*~tactically~*~*~ (outnumbered).
   913 | D:2      | Reached XP level 3. HP: 13/21 MP: 4/4
  1015 | D:2      | HP: 5/21 [kobold/+0 short sword (3)]
  1015 | D:2      | HP: 2/21 [kobold/+0 short sword (2)]
  1015 | D:2      | Frozen to death by an endoplasm

Levels and vault maps discovered:
D:1:      sevenhm_arrival_forest_fort_small_2, layout_loops_ring
D:2:      layout_basic, uniq_terence

Skill      XL: |  1  2 |
---------------+-------+-----
Ranged Weapons | 3 |  3.2
Fighting       | 2 |  2.0
Dodging        | |  1.5
Spellcasting   | |  1.0
Hexes          | |  2.6

Action                     || total
---------------------------++-------
   Fire: Sling             ||    70
    Use: Scroll            ||     2
 Armour: Robe              ||    15
  Dodge: Dodged            ||    42

Table legend:
 A = Non-vault XP
 B = Vault XP
 C = Vault XP percentage of total XP
 D = Non-vault monster count
 E = Vault monster count
 F = Vault count percentage of total count
                 A         B        C        D         E       F
            +---------+---------+-------+---------+---------+-------
      Total |      46 |       0 |   0.0 |      23 |       0 |   0.0
            +---------+---------+-------+---------+---------+-------
        D:1 |      14 |       0 |   0.0 |       8 |       0 |   0.0
        D:2 |      32 |       0 |   0.0 |      15 |       0 |   0.0
            +---------+---------+-------+---------+---------+-------
